 Dungeon Crawl Stone Soup version 0.15-a0-935-g62ff1c1 (webtiles) character file.

4477 MDvedh the Cleaver (level 10, -2/66 (70) HPs)
             Began as a Demonspawn Berserker on May 21, 2014.
             Was a High Priest of Trog.
             Slain by a slime creature (17 damage)
             ... on Level 8 of the Dungeon.
             The game lasted 00:22:21 (8229 turns).

MDvedh the Cleaver (Demonspawn Berserker)           Turns: 8229, Time: 00:22:21

HP  -2/66 (70)   AC 10     Str 20      XL: 10   Next: 15%
MP  10/10        EV 10     Int  8      God: Trog [*****.]
Gold 304         SH  2     Dex 14      Spells:  0 memorised,  9 levels left

rFire  . . .     SeeInvis +     v - +4,+2 hand axe (flame)
rCold  + + .     Clarity  +     f - +0 ring mail {rC+}
rNeg   . . .     Conserve .     (no shield)
rPois  .         rCorr    .     m - +0 hat
rElec  .         rRot     .     r - +0 cloak
SustAb .         Spirit   .     (no gloves)
rMut   .         Warding  .     D - +1 pair of boots (curse)
Gourm  .         Stasis   .     A - cursed amulet of clarity
MR     +....                    C - ring of protection from magic
                                h - ring of see invisible

@: exhausted, very slightly contaminated, hasted, drained, very quick, somewhat
resistant to hostile enchantments, very unstealthy
A: claws 1, large bone plates 1, cold resistance 1, spiny 1
a: Burn Spellbooks, Berserk, Trog's Hand, Brothers in Arms, Renounce Religion


You were on level 8 of the Dungeon.
You worshipped Trog.
Trog was extremely pleased with you.
You were very hungry.

You visited 1 branch of the dungeon, and saw 8 of its levels.
You also visited: Ossuary.

You collected 304 gold pieces.

Inventory:

Hand weapons
 q - a +0,+0 war axe
 v - a +4,+2 hand axe of flaming (weapon)
 E - the +3,+8 spear "Anozitae" {pierce, Int+2}
   (You found it on level 4 of the Dungeon)

   It inflicts extra damage upon your enemies.
   It affects your intelligence (+2).
Missiles
 p - 4 tomahawks of returning (quivered)
Armour
 f - a +0 ring mail of cold resistance (worn)
 m - a +0 hat (worn)
 r - a +0 cloak (worn)
 y - a +0 buckler
 D - a cursed +1 pair of boots (worn)
Comestibles
 c - 7 bread rations
 o - 2 meat rations
 I - 6 beef jerkies
Scrolls
 b - a scroll of teleportation
 d - 5 scrolls of remove curse
 e - a scroll of magic mapping
 t - 5 scrolls of enchant weapon I
Jewellery
 h - a ring of see invisible (left claw)
 i - an uncursed ring of stealth
 j - an uncursed amulet of conservation {unknown}
 w - an uncursed ring of sustain abilities
 A - a cursed amulet of clarity (around neck)
 C - a ring of protection from magic (right claw)
Potions
 a - a potion of invisibility
 g - 6 potions of curing
 k - a potion of might
 l - 2 potions of restore abilities
 s - a potion of flight
 u - a potion of degeneration {unknown}
 x - a potion of heal wounds {unknown}
 z - 2 potions of haste
 F - 2 potions of mutation {unknown}


   Skills:
 - Level 3.0(2.9) Fighting
 + Level 13.4(13.3) Axes
 - Level 1.7 Armour
 - Level 1.7 Dodging


You had 9 spell levels left.
You didn't know any spells.

Dungeon Overview and Level Annotations

Branches:
Dungeon (8/15)             Temple (0/1) D:4            Lair (0/8) D:8

Altars:
Ashenzari
Cheibriados
Kikubaaqudgha
Trog
The Shining One

Shops:
D:4 :   D:8 =

Annotations:
D:8 Duvessa


Innate Abilities, Weirdness & Mutations

You have sharp fingernails.
You are partially covered in large bone plates (AC +2, SH +2).
Your flesh is cold resistant.
You are partially covered in sharp spines.


Message History

You hear a grinding noise.
Unknown command.
Unknown command.
You catch the helpless slime creature completely off-guard!
You hit the slime creature. You burn the slime creature.
Your attack snaps the slime creature out of its fear.
The slime creature is heavily wounded.
You hit Dowan. You burn Dowan.
You kill Dowan!
Trog accepts your kill.
Trog appreciates your killing of a magic user.
Duvessa weeps, then rights herself and shakes her weapon.
Duvessa goes berserk!
The slime creature hits you!
* * * LOW HITPOINT WARNING * * *
Unknown command.
Drink which item? (? for menu, Esc to quit)
Okay, then.
You hear a grinding noise. x2
The slime creature hits you!
You die...

....#.##########.## ....
................... ...
......#>.....##...# ##...
....#.............# #...
.............##...# ##.#
#.##.....##.a...######.>##
.###............%........##
####...........)J.........#
##.#...###..##.e@.........#
..#....##..####....####...#
.#.#....#.## #...## ##.##
##.######. #...# #.# ##.#
#. ##########%# ##. #.
#...#[# # #. #...#.###### .
#.[.#.##<..# ##.........#


You could see a slime creature, Duvessa (berserk) and a worker ant (fleeing).

Vanquished Creatures
  Joseph (D:7)
  Grinder (D:5)
  2 slime creatures (D:8)
  A water moccasin (D:7)
  Menkaure (D:4)
  4 orc warriors
  3 ogres
  2 ice beasts
  A centaur (D:7)
  A necrophage (D:7)
  Sigmund (D:3)
  3 giant frogs
  A water moccasin zombie (Ossuary)
  6 killer bees (D:8)
  3 crimson imps
  The ghost of haldagan the Sneak, a weakling FeMo (D:3)
  3 wights (D:7)
  A goliath beetle (D:7)
  A quasit (D:7)
  A yellow wasp zombie (D:6)
  Dowan (D:8)
  3 orc priests (D:6)
  A hound (D:4)
  A gnoll shaman (D:4)
  4 jellies
  16 orc wizards
  4 iguanas
  Natasha (D:3)
  3 worker ants
  Ijyb (D:3)
  3 big kobold zombies (Ossuary)
  Terence (D:3)
  A hound skeleton (D:6)
  2 mummies (Ossuary)
  3 gnolls (D:4)
  A steam dragon zombie (D:7)
  7 adders
  3 shadow imps
  4 worms
  3 giant mites
  2 adder zombies (Ossuary)
  3 giant geckos
  46 orcs
  2 bat skeletons
  4 gnoll zombies (Ossuary)
  13 goblins
  12 hobgoblins
  8 jackals
  14 kobolds
  2 quokkas
  2 ball pythons
  8 bats
  10 giant cockroaches
  4 giant newts
  A gnoll skeleton (D:4)
  A hobgoblin skeleton (D:5)
  6 hobgoblin zombies (Ossuary)
  4 kobold zombies (Ossuary)
  5 orc zombies (Ossuary)
  A quokka zombie (D:5)
  10 rats
  A rat zombie (D:5)
260 creatures vanquished.

Vanquished Creatures (others)
  A big fish (D:8)
  A giant spore (D:8)
2 creatures vanquished.

Grand Total: 262 creatures vanquished

Notes
Turn   | Place    | Note
--------------------------------------------------------------
     0 | D:1      | MDvedh, the Demonspawn Berserker, began the quest for the Orb.
     0 | D:1      | Reached XP level 1. HP: 18/18 MP: 1/1
   263 | D:1      | Gained mutation: You are partially covered in sharp spines. [demonic ancestry]
   263 | D:1      | Reached XP level 2. HP: 20/24 MP: 2/2
   587 | D:2      | Acquired Trog's second power
   748 | D:2      | Found a glowing golden altar of the Shining One.
   799 | D:2      | Reached XP level 3. HP: 7/29 MP: 3/3
  1206 | D:2      | Found a glowing golden altar of the Shining One.
  1364 | D:3      | Noticed Sigmund
  1372 | D:2      | Reached skill level 4 in Axes
  1835 | D:3      | Noticed Ijyb
  1851 | D:3      | Killed Ijyb
  1851 | D:3      | Reached XP level 4. HP: 25/35 MP: 4/4
  1915 | D:3      | Noticed haldagan's ghost (weakling FeMo)
  1925 | D:3      | Killed haldagan's ghost
  1960 | D:3      | Reached skill level 5 in Axes
  2270 | D:3      | Killed Sigmund
  2270 | D:3      | Gained mutation: You are partially covered in large bone plates (AC +2, SH +2). [demonic ancestry]
  2270 | D:3      | Reached XP level 5. HP: 41/41 MP: 5/5
  2300 | D:3      | Noticed Natasha
  2316 | D:3      | Killed Natasha
  2316 | D:3      | Reached skill level 6 in Axes
  2453 | D:3      | Found a snail-covered altar of Cheibriados.
  2455 | D:3      | Noticed Terence
  2474 | D:3      | Killed Terence
  2730 | D:3      | Reached XP level 6. HP: 41/47 MP: 6/6
  3020 | D:4      | Found Daalipe's Book Emporium.
  3194 | D:4      | Reached skill level 7 in Axes
  3424 | D:4      | Noticed Menkaure
  3440 | D:4      | Killed Menkaure
  3440 | D:4      | Gained mutation: Your flesh is cold resistant. [demonic ancestry]
  3440 | D:4      | Reached XP level 7. HP: 34/52 MP: 7/7
  3606 | D:4      | Found a staircase to the Ecumenical Temple.
  3667 | D:4      | Got a pitted spear
  3668 | D:4      | Identified the +3,+8 spear "Anozitae" {pierce, Int+2} (You found it on level 4 of the Dungeon)
  3886 | D:5      | Entered Level 5 of the Dungeon
  3923 | D:5      | Noticed Grinder
  3930 | D:5      | Paralysed by Grinder for 2 turns
  3934 | D:5      | Killed Grinder
  3934 | D:5      | Acquired Trog's third power
  3934 | D:5      | Reached skill level 8 in Axes
  4106 | D:5      | Found a sand-covered staircase.
  4175 | Ossuary  | Entered an ossuary
  4201 | Ossuary  | Reached skill level 9 in Axes
  4201 | Ossuary  | Reached XP level 8. HP: 42/58 MP: 8/8
  4640 | D:5      | Found an ancient bone altar of Kikubaaqudgha.
  4737 | D:5      | Found a bloodstained altar of Trog.
  5144 | D:6      | Reached skill level 10 in Axes
  5224 | D:6      | Found a shattered altar of Ashenzari.
  5621 | D:6      | Reached skill level 11 in Axes
  5621 | D:6      | Reached XP level 9. HP: 63/63 MP: 9/9
  6199 | D:7      | Received a gift from Trog
  6751 | D:7      | Noticed Joseph
  6764 | D:7      | Killed Joseph
  6764 | D:7      | Reached skill level 12 in Axes
  7781 | D:8      | Reached skill level 13 in Axes
  7785 | D:8      | Gained mutation: You have sharp fingernails. [demonic ancestry]
  7785 | D:8      | Reached XP level 10. HP: 66/66 MP: 10/10
  8154 | D:8      | Found a staircase to the Lair.
  8180 | D:8      | Found Funuih's Jewellery Shoppe.
  8181 | D:8      | Noticed Dowan
  8197 | D:8      | Noticed Duvessa
  8228 | D:8      | Killed Dowan
  8229 | D:8      | Slain by a slime creature

Action                   |  1- 3 |  4- 6 |  7- 9 | 10-12 || total
-------------------------+-------+-------+-------+-------++-------
Melee: Hand axe          |   106 |       |   540 |    54 ||   700
       War axe           |    31 |   155 |     3 |       ||   189
       Spear             |       |       |    27 |       ||    27
Invok: Berserk           |       |     5 |     5 |     2 ||    12
       Trog's Hand       |       |       |     1 |       ||     1
  Use: Scroll            |       |       |    20 |     1 ||    21
       Potion            |       |       |     4 |     4 ||     8
 Stab: Fleeing           |       |       |       |     1 ||     1
